 Dungeon Crawl Stone Soup version 0.30-a0-715-gdb4ae3ece1 (webtiles) character file.

Game seed: 5410564431336968325

793 Caratheodory the Shooter (level 7, -3/58 HPs)
             Began as a Barachi Hunter on Jan 23, 2023.
             Was an Initiate of Gozag.
             Slain by a lemure (6 damage)
             ... led by Pikel
             ... on level 5 of the Dungeon.
             The game lasted 00:11:10 (3954 turns).

Caratheodory the Shooter (Barachi Hunter)           Turns: 3954, Time: 00:11:10

Health: -3/58      AC:  6    Str: 12    XL:     7   Next: 88%
Magic:  7/7        EV: 14    Int:  9    God:    Gozag
Gold:   366        SH:  0    Dex: 18    Spells: 6/6 levels left

rFire   . . .      SeeInvis .    a - +0 shortbow
rCold   . . .      Faith    .    (shield currently unavailable)
rNeg    + . .      Spirit   .    c - +0 leather armour
rPois   +          Reflect  .    (no helmet)
rElec   .          Harm     .    u - +0 cloak
rCorr   .          Rampage  .    t - +0 pair of gloves
Will    .....                    r - +0 pair of boots
Stlth   ++                       (no amulet)
HPRegen 0.29/turn                l - ring of poison resistance
MPRegen 0.10/turn                q - ring of positive energy

@: slow
A: amphibious, slowness 1, strong legs 1, +LOS
a: Hop, Renounce Religion, Potion Petition, Call Merchant, Bribe Branch


You were on level 5 of the Dungeon.
You worshipped Gozag.
Gozag was aware of your devotion.
You visited 2 branches of the dungeon, and saw 6 of its levels.

You collected 440 gold pieces.
You paid 74 gold pieces to Gozag.

Inventory:

Hand Weapons
 a - a +0 shortbow (weapon)
Armour
 c - a +0 leather armour (worn)
 r - a +0 pair of boots (worn)
 t - a +0 pair of gloves (worn)
 u - a +0 cloak (worn)
Jewellery
 i - a ring of ice
 k - an amulet of faith
 l - a ring of poison resistance (left hand)
 n - a +6 ring of strength
 q - a ring of positive energy (right hand)
 s - a ring of wizardry
Wands
 x - a wand of flame (29)
 A - a wand of polymorph (3)
Scrolls
 b - a scroll of immolation
 e - 3 scrolls of identify {unknown}
 f - a scroll of butterflies {unknown}
 g - 3 scrolls of fear {unknown}
 h - a scroll of fog {unknown}
 j - 2 scrolls of enchant armour {unknown}
 p - a scroll of magic mapping {unknown}
 v - a scroll of noise {unknown}
 w - 3 scrolls of teleportation {unknown}
 y - a scroll of vulnerability {unknown}
 z - a scroll of enchant weapon {unknown}
Potions
 d - a potion of lignification {unknown}
 o - 2 potions of flight {unknown}


   Skills:
 + Level 6.3 Fighting
 + Level 6.3 Ranged Weapons
 + Level 5.7 Dodging
 - Level 1.0 Stealth


You had 6 spell levels left.
You didn't know any spells.
Your spell library contained the following spells:

 Spells                   Type           Power      Damage    Failure   Level
 Apportation              Tloc           0%         N/A       45%         1
 Kiss of Death            Conj/Necr      0%         2d5       45%         1
 Sublimation of Blood     Necr           0%         N/A       61%         2
 Wereblood                Tmut           0%         N/A       61%         2
 Confusing Touch          Hex            0%         N/A       83%         3
 Dispel Undead            Necr           0%         3d6       99%         4
 Alistair's Intoxication  Tmut/Pois      0%         N/A       100%        5
 Summon Forest            Summ/Tloc      0%         N/A       100%        5
 Eringya's Noxious Bog    Tmut/Pois      0%         N/A       100%        6
 Summon Hydra             Summ           0%         N/A       100%        7


Dungeon Overview and Level Annotations

Branches:
Dungeon (5/15)             Temple (1/1) D:4

Altars:
Cheibriados
Dithmenos
Elyvilon
Gozag
Makhleb
Ru
Sif Muna
Trog
Uskayaw
Vehumet
Zin

Annotations:
D:3 3 runed translucent doors, WasteTime5's ghost, amateur OpTm
D:5 Pikel


Innate Abilities, Weirdness & Mutations

You are amphibious.
You cover ground slowly.
You can hop short distances.
You have an extended range of vision and can be seen from far away.


Message History

Press: ? - help, Q - select action, (/) - cycle Shift-Dir - straight line, f/p - Pikel
Aim: Pikel, wielding a +2 whip of flaming and wearing a +0 robe (moderately wounded, 61% to hit)
You shoot an arrow. The arrow hits Pikel.
Pikel is moderately wounded.
The orc barely misses you. The lemure hits you. Pikel closely misses you.
The lemure hits you. The lemure hits you!
* * * LOW HITPOINT WARNING * * *
Fire: a) +0 shortbow
Press: ? - help, Q - select action, (/) - cycle Shift-Dir - straight line, f/p - Pikel
Aim: Pikel, wielding a +2 whip of flaming and wearing a +0 robe (moderately wounded, 61% to hit)
You shoot an arrow. The arrow closely misses Pikel.
The arrow hits the lemure.
The lemure is moderately wounded.
The lemure hits you.
* * * LOW HITPOINT WARNING * * *
Pikel barely misses you. The orc barely misses you.
The lemure hits you but does no damage. The lemure hits you.
* * * LOW HITPOINT WARNING * * *
The lemure misses you. x2; The lemure hits you but does no damage.
The orc closely misses you.
Pikel hits you with a +2 whip of flaming.
* * * LOW HITPOINT WARNING * * *
Pikel burns you.
* * * LOW HITPOINT WARNING * * *
Fire: a) +0 shortbow
Press: ? - help, Q - select action, (/) - cycle Shift-Dir - straight line, f - lemure, p - Pikel
Aim: a lemure (moderately wounded, 61% to hit)
You shoot an arrow. The arrow closely misses Pikel.
The arrow hits the lemure but does no damage.
The lemure is moderately wounded.
You are ready to hop once more.
The orc hits you but does no damage. The lemure closely misses you. x2
The lemure misses you. Pikel closely misses you.
Fire: a) +0 shortbow
Press: ? - help, Q - select action, (/) - cycle Shift-Dir - straight line, f - lemure, p - lemure
Aim: a lemure (moderately wounded, 61% to hit)
You shoot an arrow. The arrow hits the lemure.
The lemure is moderately wounded.
The lemure barely misses you. The orc barely misses you. The lemure hits you.
You die...
Your body crumbles into a pile of gold.

#.# #....#....##.# ..
#....###....## #..
##...## ##.>.# .
###....# #...#
..##......# ##...#
.........## ##....#
#........####.....#
##............^...#
##............o@5#####
##......>....5K5....#
...............5...###
..........##..[...###
................##.#
...............## ##
..............##
........##..$.# ..$.#


You could see Pikel, 4 lemures and an orc.

Vanquished Creatures
  A wyvern (D:4)
  A water moccasin (D:4)
  An orc warrior (D:4)
  A phantom (D:5)
  2 scorpions
  An orc priest (D:4)
  An orc wizard (D:4)
  Robin (D:4)
  5 adders
  3 gnolls (D:4)
  A white imp (D:5)
  3 worms (D:2)
  2 dart slugs
  12 orcs
  4 giant cockroaches
  13 goblins
  12 hobgoblins
  2 jackals (D:2)
  3 quokkas
  4 ball pythons
  6 bats (D:1)
  3 frilled lizards
  10 kobolds
  8 rats
100 creatures vanquished.

Notes
Turn   | Place    | Note
-------+----------+-------------------------------------------
     0 | D:1      | Caratheodory the Barachi Hunter began the quest for the
                  | Orb.
     0 | D:1      | Reached XP level 1. HP: 17/17 MP: 1/1
    48 | D:1      | Reached skill level 1 in Stealth
   210 | D:1      | Found a faded altar of an unknown god.
   267 | D:1      | Reached XP level 2. HP: 23/23 MP: 2/2
   886 | D:2      | Reached XP level 3. HP: 29/29 MP: 3/3
  1212 | D:2      | Reached XP level 4. HP: 34/35 MP: 4/4
  1816 | D:3      | Found a runed translucent gate.
  1816 | D:3      | Found a runed translucent gate.
  1816 | D:3      | Found a runed translucent gate.
  1817 | D:3      | Noticed WasteTime5's ghost (amateur OpTm)
  2123 | D:4      | Noticed Robin
  2252 | D:4      | Noticed a scorpion
  2283 | D:3      | Killed a scorpion
  2284 | D:3      | Reached XP level 5. HP: 33/42 MP: 5/5
  2319 | D:4      | Reached skill level 5 in Ranged Weapons
  2518 | D:4      | Killed Robin
  2562 | D:4      | Found a staircase to the Ecumenical Temple.
  2569 | Temple   | Entered the Ecumenical Temple
  2658 | Temple   | Became a worshipper of Gozag Ym Sagoz the Greedy
  2744 | D:4      | Found a bloodstained altar of Trog.
  2867 | D:4      | Noticed a water moccasin
  2881 | D:4      | Killed a water moccasin
  2882 | D:4      | Reached XP level 6. HP: 43/50 MP: 6/6
  2921 | D:4      | Found a sacrificial altar of Ru.
  3089 | D:4      | Reached skill level 5 in Fighting
  3182 | D:4      | Noticed an orc warrior
  3194 | D:4      | Killed an orc warrior
  3195 | D:4      | Reached XP level 7. HP: 19/56 MP: 7/7
  3354 | D:4      | Reached skill level 5 in Dodging
  3484 | D:4      | Found a shimmering blue altar of Sif Muna.
  3484 | D:4      | Noticed a wyvern
  3493 | D:4      | Killed a wyvern
  3671 | D:5      | Entered Level 5 of the Dungeon
  3929 | D:5      | Noticed Pikel
  3952 | D:5      | HP: 2/58 [Pikel/+2 whip of flaming (1)]
  3954 | D:5      | Slain by a lemure

Illustrated notes

Levels and vault maps discovered:
D:1:      co_arrival_random_square_maze, layout_loops_ring,
          basic_ecumenical_altar
D:2:      layout_rooms
D:3:      layout_basic, gammafunk_ghost_necromancy
D:4:      layout_loops_ring, lemuel_coloured_pillars_altar,
          kennysheep_little_box, minmay_temple_entry_slanted,
          kennysheep_diamond, guppyfry_early_orc_mine, uniq_robin
D:5:      layout_layer_cave, minitemple, uniq_pikel
Temple:   dpeg_three_leaves_temple

Skill      XL: |  1  2  3  4  5  6  7 |
---------------+----------------------+-----
Stealth        | 1 |  1.0
Fighting       | 3 4 5 6 |  6.3
Dodging        | 3 4 5 |  5.7
Ranged Weapons | 5 6 |  6.3

Action                     |  1- 3 |  4- 6 |  7- 9 || total
---------------------------+-------+-------+-------++-------
   Fire: Shortbow          |   124 |   167 |    99 ||   390
Ability: Hop               |     2 |     4 |     2 ||     8
    Use: Potion            |       |     1 |     1 ||     2
 Armour: Leather armour    |    21 |    45 |    18 ||    84
  Dodge: Dodged            |    45 |    89 |    66 ||   200

Table legend: (Time is in decaauts)
 A = Elapsed time spent in this place.
 B = Non-inter-level travel time spent in this place.
 C = Inter-level travel time spent in this place.
 D = Time resting spent in this place.
 E = Time spent auto-exploring this place.
 F = Levels seen in this place.
 G = Mean time per level.
                   A        B        C        D        E       F      G
               +--------+--------+--------+--------+--------+-----+--------+
         Total |   4622 |   4399 |    223 |     21 |   3539 |   6 |  770.3 |
       Dungeon |   4503 |   4292 |    211 |     21 |   3455 |   5 |  900.6 |
        Temple |    119 |    108 |     11 |      0 |     84 |   1 |  119.0 |
               +--------+--------+--------+--------+--------+-----+--------+

Top non-repeatable levels by time:
     D:4: 1333 daAuts
     D:1: 1131 daAuts
     D:3: 1112 daAuts
     D:2: 600 daAuts
     D:5: 326 daAuts
  Temple: 119 daAuts
